Unix NetHack Version 3.7.0-101 Work-in-progress - last build Mar 4 2024 02:26:32 (3c4ac04b664b9ee0831c739617f054b5b60dbfd1,branch:master). Game began 2024-03-07 08:09:30, ended 2024-03-07 12:54:21. elenmirie, neutral female gnomish Archeologist ----------- ########-....@....| |....eB...| |...d.....-# -----------# # ## ### #00#) # #### # --.-|- ###.....| |.<..| ------ Elenmirie the Field Worker St:14 Dx:11 Co:16 In:16 Wi:12 Ch:7 Neutral Dlvl:3 $:26 HP:0(24) Pw:13(13) AC:5 Xp:3/54 T:1115 Latest messages: You are beginning to feel hungry. You hear bubbling water. Yermak misses the floating eye. You hear a door open. Yermak bites the floating eye. Yermak is frozen by the floating eye's gaze! You are beginning to feel weak. You can move again. What do you want to eat? [d or ?*] ? This food really hits the spot! You finish eating the food ration. s - 2 darts. What do you want to throw? [$qs or ?*] q In what direction? l The runed dagger hits the floating eye. What do you want to throw? [$s or ?*] s In what direction? l The dart misses the floating eye. What do you want to throw? [$s or ?*] s In what direction? l The dart misses the floating eye. What do you want to throw? [$ or ?*] ? What do you want to throw? [$ or ?*] Never mind. What do you want to throw? [$ or ?*] e In what direction? l The pick-axe misses the floating eye. You miss the floating eye. You are frozen by the floating eye's gaze! You hear a door open. Yermak misses the floating eye. Yermak is frozen by the floating eye's gaze! You can move again. The giant bat bites! The giant bat bites! You miss the giant bat. The giant bat bites! The giant bat bites! You lash the giant bat. The giant bat misses! The giant bat bites! You lash the giant bat. The giant bat bites! The giant bat bites! You die... Do you want your possessions identified? [ynq] (y) y Do you want to see your attributes? [ynq] (y) y Do you want an account of creatures vanquished? [ynaq] (y) y Do you want to see your conduct and achievements? [ynq] (y) y Do you want to see the dungeon overview? [ynq] (y) y Inventory: Coins $ - 26 gold pieces Weapons a - an uncursed +2 bullwhip (weapon in right hand) Armor c - an uncursed +0 fedora (being worn) r - an uncursed +0 elven mithril-coat (being worn) b - an uncursed +0 leather jacket Comestibles d - 2 uncursed food rations Rings p - a cursed -2 ring of gain constitution m - an uncursed ring of searching Wands j - an uncursed wand of create monster (0:11) Tools w - an uncursed sack containing 6 items i - an uncursed oil lamp t - an uncursed tinning kit (0:38) Gems/Stones h - an uncursed garnet stone g - an uncursed touchstone Contents of the sack: an uncursed scroll of confuse monster an uncursed scroll of light an uncursed scroll of teleportation an uncursed spellbook of healing a blessed potion of extra healing an uncursed potion of sleeping Elenmirie the Archeologist's attributes: Background: You were a Field Worker, a level 3 female gnomish Archeologist. You were neutral, nominally on a mission for Camaxtli who was opposed by Quetzalcoatl (lawful) and Huhetotl (chaotic). You were right-handed. You were in the Dungeons of Doom, on level 3. You entered the dungeon 1115 turns ago. You had 54 experience points, 26 more were needed to attain level 4. Basics: You had 0 out of 24 hit points. You had all 13 energy points (spell power). Your armor class was 5. Your wallet contained 26 zorkmids. Autopickup was on for '$' plus thrown. Final Characteristics: Your strength was 14 (limit:18/50). Your dexterity was 11 (limit:18). Your constitution was 16 (limit:18). Your intelligence was 16 (limit:19). Your wisdom was 12 (limit:18). Your charisma was 7 (limit:18). Final Status: You weren't hungry. You were unencumbered. You were wielding a whip. You had basic skill with whip. Final Attributes: You were devoutly aligned. You had automatic searching. You had infravision. You were guarded. You are dead. Miscellaneous: You never encountered a bones level. Total elapsed playing time was 35 minutes and 4 seconds. Major events: Turn 1: elenmirie the neutral female gnomish Archeologist entered the dungeon 627: attained the rank of Field Worker (level 3) 1115: killed by a giant bat Vanquished creatures: a hobbit 2 large kobolds 2 giant rats a yellow mold a gecko 3 jackals a fox 4 grid bugs a bat 4 lichens 2 newts 22 creatures vanquished. No species were genocided or became extinct. Voluntary challenges: You followed a strict vegan diet. You were an atheist. You read items or engraved 1 time. You never engraved Elbereth. You never genocided any monsters. You never polymorphed an object. You never changed form. You used no wishes. Achievement: You attained the rank of Field Worker. The Dungeons of Doom: levels 1 to 3 Level 1: A sink. Level 2: Level 3: <- You were here. A fountain. Final resting place for you, killed by a giant bat. Game over: ---------- / \ / REST \ / IN \ / PEACE \ / \ | elenmirie | | 26 Au | | killed by a | | giant bat | | | | | | 2024 | *| * * * | * _________)/\\_//(\/(/\)/\//\/|_)_______ Goodbye elenmirie the Archeologist... You died in The Dungeons of Doom on dungeon level 3 with 350 points, and 26 pieces of gold, after 1115 moves. You were level 3 with a maximum of 24 hit points when you died.